 Dungeon Crawl Stone Soup version 0.29.1-1-gd02db6906a (webtiles) character file.

Game seed: 9986293942998044382

146 Demigod47 the Cudgeller (level 5, -8/46 HPs)
             Began as a Minotaur Fighter on Oct 13, 2022.
             Mangled by a mummy (13 damage)
             ... in an ossuary.
             The game lasted 00:03:39 (2707 turns).

Demigod47 the Cudgeller (Minotaur Fighter)          Turns: 2707, Time: 00:03:40

Health: -8/46      AC: 14    Str: 26 (29) XL:     5   Next: 7%
Magic:  4/4        EV:  6    Int:  3 (5)  God:
Gold:   237        SH:  4    Dex:  7 (9)  Spells: 4/4 levels left

rFire   . . .      SeeInvis .   a - +0 flail
rCold   . . .      Faith    .   c - +0 buckler
rNeg    . . .      Spirit   .   v - +0 plate armour
rPois   .          Reflect  .   (helmet restricted)
rElec   .          Harm     .   j - +1 cloak
rCorr   .          Rampage  .   (no gloves)
Will    .....                   (no boots)
Stlth   ..........              (no amulet)
HPRegen 0.15/turn               n - +6 ring of strength
MPRegen 0.09/turn               (no ring)

@: no status effects
A: horns 2, retaliatory headbutt
a: no special abilities


You were in an ossuary.
You visited 1 branch of the dungeon, and saw 4 of its levels.
You also visited: Ossuary.

You collected 237 gold pieces.

Inventory:

Hand Weapons
 a - a +0 flail (weapon)
Armour
 b - a +0 scale mail
 c - a +0 buckler (worn)
 j - a +1 cloak (worn)
 v - a +0 plate armour (worn)
Jewellery
 n - a +6 ring of strength (left hand)
 t - a ring of wizardry
 u - an amulet of magic regeneration
Scrolls
 e - 2 scrolls of immolation
 f - a scroll of identify
 h - 3 scrolls of enchant weapon
 i - 2 scrolls of fear
 k - 3 scrolls of teleportation
 m - a scroll of blinking
 p - a scroll of acquirement {unknown}
 q - a scroll of poison {unknown}
 r - a scroll of vulnerability {unknown}
Potions
 d - 2 potions of might
 g - a potion of degeneration
 l - 2 potions of curing
 o - 2 potions of attraction


   Skills:
 + Level 4.1 Fighting
 * Level 4.9 Maces & Flails
 + Level 4.7 Armour
 + Level 0.7 Dodging
 + Level 3.9 Shields


You had 4 spell levels left.
You didn't know any spells.
Your spell library was empty.

Dungeon Overview and Level Annotations

Branches:
Dungeon (4/15)            Ossuary (1/1)
 Temple: D:4-7

Altars:
Dithmenos
Nemelex Xobeh
Wu Jian


Innate Abilities, Weirdness & Mutations

You have a pair of horns on your head.
You reflexively headbutt those who attack you in melee.


Message History

Found 3 gold pieces and 3 scrolls of immolation.
There is a sand-covered staircase here.
The world spins around you as you enter the gateway.
You enter an ossuary!
Found a gate leading back out of this place.
There is an empty arch of ancient stone here.
The mummy barely misses you. You furiously retaliate!
You headbutt the mummy! You sock the mummy!
The mummy is almost destroyed.
The mummy hits you but does no damage. You block the mummy's attack.
The mummy hits you!
You thump the mummy!
You destroy the mummy!
The mummy barely misses you. You block the mummy's attack.
You hit the mummy.
The mummy is moderately damaged.
The mummy barely misses you. You furiously retaliate!
You headbutt the mummy. The mummy hits you.
You hit the mummy. You headbutt the mummy.
You destroy the mummy!
The mummy hits you but does no damage.
You feel your dexterity returning.
You have reached level 5!
You sock the mummy!
The mummy is heavily damaged.
The mummy hits you!
You barely miss the mummy.
The mummy is heavily damaged.
The mummy hits you!
* * * LOW HITPOINT WARNING * * *
You hit the mummy but do no damage.
The mummy is heavily damaged.
You thump the mummy!
The mummy is almost destroyed.
The mummy hits you.
* * * LOW HITPOINT WARNING * * *
You hit the mummy but do no damage.
The mummy is almost destroyed.
The mummy hits you!
You die...

##+##
#...#
#.∩.#
#...#
#.∩.#
##...##
#..@M.#
#.#.#.#
#######


You could see a mummy.

Vanquished Creatures
  2 mummies (Ossuary)
  3 adders (D:2)
  3 worms
  2 dart slugs (D:1)
  3 endoplasms
  6 giant cockroaches
  7 goblins
  8 hobgoblins
  9 jackals
  10 kobolds
  4 quokkas
  5 ball pythons
  5 bats
  A frilled lizard (D:3)
  5 rats
73 creatures vanquished.

Notes
Turn   | Place    | Note
-------+----------+-------------------------------------------
     0 | D:1      | Demigod47 the Minotaur Fighter began the quest for the Orb.
     0 | D:1      | Reached XP level 1. HP: 19/19 MP: 0/0
   257 | D:1      | Reached XP level 2. HP: 21/27 MP: 1/1
   724 | D:1      | Reached XP level 3. HP: 33/33 MP: 2/2
   984 | D:2      | Noticed a golden eye
   998 | D:2      | Found a faded altar of an unknown god.
  1000 | D:2      | Noticed an eye of devastation
  1000 | D:2      | Noticed a golden eye
  1000 | D:2      | Noticed a golden eye
  1251 | D:2      | Reached XP level 4. HP: 34/40 MP: 3/3
  1794 | D:3      | Found a sparkling altar of Nemelex Xobeh.
  2082 | D:3      | Found a shadowy altar of Dithmenos.
  2344 | D:3      | Found an ornate altar of the Wu Jian Council.
  2673 | D:4      | Found a sand-covered staircase.
  2694 | Ossuary  | Entered an ossuary
  2703 | Ossuary  | Reached XP level 5. HP: 26/46 MP: 4/4
  2707 | Ossuary  | Mangled by a mummy

Illustrated notes

Levels and vault maps discovered:
D:1:      dpeg_arrival_boxes_within_box, layout_loops_ring, minmay_tetromino_i2
D:2:      layout_rooms, hellmonk_ecumenical_altar_watching_god,
          minmay_small_reverse_x
D:3:      layout_basic, mainiacjoe_overflow_tiny_flanked,
          nzn_wu_jian_council_hall, nicolae_dithmenos_shadow_blocks,
          grunt_decor_clamped
D:4:      layout_cave_pools, nicolae_uskayaw_dance_hall, lemuel_doored_altar,
          serial_column_ruins, column_ruins_open_small, column_ruins_open_small,
          column_ruins_open_tiny, column_ruins_grid_1,
          column_ruins_columns_corner, enter_ossuary_1
Ossuary:  ossuary_minmay_chase

Skill      XL: |  1  2  3 |
---------------+----------+-----
Armour         | 4 |  4.7
Fighting       | 4 |  4.1
Maces & Flails | 3 4 |  4.9
Dodging        | |  0.7
Shields        | |  3.9

Action                   |  1- 3 |  4- 6 || total
-------------------------+-------+-------++-------
Melee: Flail             |    84 |    57 ||   141
       Headbutt          |     9 |     4 ||    13
  Use: Scroll            |       |     5 ||     5
       Potion            |       |     5 ||     5
Armor: Scale mail        |    40 |    21 ||    61
       Plate armour      |       |     6 ||     6
Dodge: Dodged            |    61 |    24 ||    85
Block: Buckler           |    22 |    14 ||    36
